AoeStats
← john.civildem

Nomad

508366919Analyzed
4v4 RM · 11d ago on Sep 22, 2026· 30m 24s· 8 players
Game mode
Random Map
Map size
231×231
Population
200
Speed
Normal
Resources
Standard
Victory
Conquest
Starting age
Dark Age
Ending age
Imperial Age
RankedLock teamsTeams togetherTeam positionsShared explorationLock speedFull tech treeHidden civsTurbo modeCheats
Victory
Defeat
🇪🇨 Inca · Ecuador
807
+14
🇪🇨 Franks · Ecuador
787
+15
🇪🇨 Byzantines · Ecuador
711
+18
🇵🇪 Bohemians · Peru
687
+20
🇨🇴 Maya · Colombia
811
-19
🇲🇽 Britons · Mexico
806
-18
🇵🇪 Vikings · Peru
758
-16
🇫🇷 Spanish · France
689
-14
La Morte Noire
TireurFou
js.paredesm
DavidxGabriel
4:16 Loom
sebchenko34
11:02 Loom
19:45 Feudal Age
20:02 Champi Runner
20:29 Arson
23:09 Forging
22:59 Scale Mail Armor
24:44 Double-Bit Axe
24:39 Horse Collar
26:52 Gold Mining
30:44 Castle Age
KAISER962605
30:07 Feudal Age
john.civildem
musoq
13:43 Loom
16:26 Feudal Age
25:03 Castle Age
Connection lost

Rejoining the realm…

Still unreachable

The connection could not be restored.

Session expired

The server has moved on; the page needs a fresh start.